 Dungeon Crawl Stone Soup version 0.29.1-4-g47bece8355 (webtiles) character file.

Game seed: 11468512518433186969

730 ChadusMaximus the Summoner (level 7, -2/54 HPs)
             Began as a Deep Elf Summoner on Dec 5, 2022.
             Killed by divine providence
             ... invoked by an orc priest
              (13 damage)
             ... on level 7 of the Dungeon.
             The game lasted 00:10:31 (5379 turns).

ChadusMaximus the Summoner (Deep Elf Summoner)      Turns: 5379, Time: 00:10:31

Health: -2/54      AC:  3    Str:  5    XL:     7   Next: 44%
Magic:  15/19      EV: 13    Int: 22    God:
Gold:   161        SH:  0    Dex: 15    Spells: 9/19 levels left

rFire   . . .      SeeInvis .   (no weapon)
rCold   . . .      Faith    .   (no shield)
rNeg    . . .      Spirit   .   a - +0 robe
rPois   .          Reflect  .   (no helmet)
rElec   .          Harm     .   (no cloak)
rCorr   .          Rampage  .   (no gloves)
Will    .....                   i - +0 pair of boots
Stlth   ..........              (no amulet)
HPRegen 0.18/turn               (no ring)
MPRegen 0.16/turn               (no ring)

@: berserking, very quick
A: no striking features
a: no special abilities


You were on level 7 of the Dungeon.
You visited 2 branches of the dungeon, and saw 6 of its levels.

You collected 161 gold pieces.

Inventory:

Hand Weapons
 f - a +0 sling
Missiles
 n - 6 stones
Armour
 a - a +0 robe (worn)
 i - a +0 pair of boots (worn)
Scrolls
 g - a scroll of noise {unknown}
 h - a scroll of teleportation {unknown}
 k - a scroll of enchant armour {unknown}
 l - a scroll of identify {unknown}
 m - a scroll of blinking {unknown}
Potions
 b - a potion of magic
 c - 4 potions of flight {unknown}
 e - 3 potions of heal wounds {unknown}
 j - 2 potions of degeneration {unknown}
 o - a potion of lignification {unknown}


   Skills:
 - Level 2.9 Dodging
 - Level 3.0 Stealth
 + Level 6.7 Spellcasting
 * Level 8.4 Summonings


You had 9 spell levels left.
You knew the following spells:

 Your Spells              Type           Power      Damage    Failure   Level
a - Summon Small Mammal   Summ           100%       N/A       1%          1
b - Call Canine Familiar  Summ           44%        N/A       1%          3
c - Call Imp              Summ           44%        N/A       1%          2
d - Summon Lightning Spi  Summ/Air       26%        N/A       14%         4

Your spell library contained the following spells:

 Spells                   Type           Power      Damage    Failure   Level
 Summon Guardian Golem    Hex/Summ       26%        N/A       4%          3
 Apportation              Tloc           14%        N/A       9%          1
 Necrotise                Necr           28%        1d5       9%          1
 Slow                     Hex            28%        N/A       9%          1
 Confusing Touch          Hex            7%         N/A       26%         3
 Conjure Flame            Conj/Fire      7%         6-21      26%         3
 Ignite Poison            Fire/Tmut/Pois 7%         N/A       26%         3
 Vampiric Draining        Necr           7%         2d6       26%         3
 Sticky Flame             Conj/Fire      7%         2d3       63%         4


Dungeon Overview and Level Annotations

Branches:
Dungeon (7/15)             Temple (1/1) D:7

Altars:
Ashenzari
Dithmenos
Elyvilon
Gozag
Hepliaklqana
Kikubaaqudgha
Nemelex Xobeh
Ru
Sif Muna
Trog
Uskayaw
Wu Jian
Xom


Message History

The phantom attacks as you move away! The phantom barely misses you.
Found a twisted gilded ring.
Your wolf bites the phantom!
The phantom hits your wolf.
The phantom blinks!
Your wolf blinks!
The ufetubus attacks as you move away! The ufetubus hits you.
The ufetubus closely misses you.
Your wolf barely misses the phantom.
Your wolf misses the phantom. The phantom hits your wolf!
The phantom blinks!
Your wolf blinks!
The ufetubus closely misses you. The ufetubus hits you.
The ufetubus attacks as you move away! The ufetubus hits you.
The ufetubus hits you but does no damage.
The phantom hits your wolf. The ufetubus completely misses you.
The ufetubus barely misses you.
Your white imp misses the ufetubus.
Your wolf misses the phantom.
The orc priest shouts!
You hear a shout!
Your wolf closely misses the phantom.
The orc priest invokes the aid of Beogh against you.
Beogh smites you!
* * * LOW HITPOINT WARNING * * *
An orc comes into view. It is wielding a +0 club.
The phantom closely misses your wolf.
Your rat bites the ufetubus.
A killer bee comes into view.
Unknown command.
The ufetubus attacks as you move away!
The ufetubus hits you but does no damage. x2
An orc comes into view. It is wielding a +0 short sword.
The orc shouts!
The killer bee buzzes angrily.
Your wolf bites the phantom!
The phantom hits your wolf!
Your wolf bites the phantom.
The ufetubus hits you.
* * * LOW HITPOINT WARNING * * *
The ufetubus hits you but does no damage.
A red film seems to cover your vision as you go berserk!
You feel yourself moving faster!
You feel mighty!
The orc shouts!
Your wolf closely misses the phantom.
A killer bee comes into view.
The ufetubus closely misses you. x2
The orc priest mumbles some strange prayers to Beogh against you.
Beogh smites you!
You die...

.yo...##.#
##..#.....#
..o......# .#
#.y.....####.#
###.o..........#
.....<........##
#.........#..## ..
#....@....#...###.#
####..5r.###...##.#
#..$5........#.#
#.h.#.....#....###
#W###..>..###....##
#...#.....#........
............†......#
...>....###.....#..#
.....§...#...#.....#


You could see a phantom (distracted, ally target), 2 killer bees, an orc priest,
2 orcs, an ufetubus, a friendly wolf (summoned), a friendly white imp (summoned)
and a friendly rat (summoned).

Vanquished Creatures
  A goblin (D:2)
  3 jackals (D:1)
4 creatures vanquished.

Vanquished Creatures (collateral kills)
  Sigmund (D:2)
  Menkaure (D:4)
  A sky beast (D:7)
  2 orc priests
  2 orc wizards (D:3)
  Natasha (thrice) (D:4)
  Robin (D:2)
  4 adders
  3 gnolls (D:4)
  A worm (D:2)
  3 dart slugs (D:1)
  6 orcs
  4 bats
  9 endoplasms
  4 giant cockroaches
  16 goblins
  7 hobgoblins
  2 jackals (D:1)
  3 quokkas
  8 ball pythons
  2 frilled lizards (D:2)
  10 kobolds
  4 rats
97 creatures vanquished.

Grand Total: 101 creatures vanquished

Notes
Turn   | Place    | Note
-------+----------+-------------------------------------------
     0 | D:1      | ChadusMaximus the Deep Elf Summoner began the quest for the
                  | Orb.
     0 | D:1      | Reached XP level 1. HP: 10/10 MP: 6/6
   485 | D:1      | Reached XP level 2. HP: 15/15 MP: 5/8
  1648 | D:1      | Reached XP level 3. HP: 19/19 MP: 7/10
  1652 | D:1      | Learned a level 3 spell: Call Canine Familiar
  1655 | D:1      | Learned a level 2 spell: Call Imp
  2174 | D:2      | Reached skill level 5 in Summonings
  2291 | D:2      | Noticed Sigmund
  2302 | D:2      | Killed Sigmund
  2303 | D:2      | Reached skill level 5 in Spellcasting
  2303 | D:2      | Reached skill level 6 in Summonings
  2303 | D:2      | Reached XP level 4. HP: 24/24 MP: 4/13
  2303 | D:2      | Reached XP level 5. HP: 28/28 MP: 4/14
  2648 | D:2      | Noticed Robin
  2661 | D:2      | Killed Robin
  2678 | D:2      | Found an ornate altar of the Wu Jian Council.
  2698 | D:2      | Reached XP level 6. HP: 32/32 MP: 10/15
  3856 | D:3      | Found a shadowy altar of Dithmenos.
  3972 | D:3      | Found a shimmering blue altar of Sif Muna.
  4249 | D:3      | Reached skill level 7 in Summonings
  4616 | D:4      | Noticed Natasha
  4624 | D:4      | Killed Natasha
  4757 | D:4      | Noticed Natasha
  4762 | D:4      | Noticed Menkaure
  4763 | D:4      | Killed Natasha
  4768 | D:4      | Killed Menkaure
  4769 | D:4      | Reached skill level 8 in Summonings
  4769 | D:4      | Reached XP level 7. HP: 36/36 MP: 9/18
  4862 | D:4      | Found a broken altar of Ashenzari.
  4864 | D:4      | Found a hazy altar of Hepliaklqana.
  4921 | D:4      | Learned a level 4 spell: Summon Lightning Spire
  5090 | D:4      | Noticed Natasha
  5103 | D:4      | Killed Natasha
  5245 | D:4      | You fall into a shaft and drop 3 floors!
  5247 | D:7      | Found a staircase to the Ecumenical Temple.
  5267 | Temple   | Entered the Ecumenical Temple
  5379 | D:7      | Killed from afar by an orc priest

Illustrated notes

Levels and vault maps discovered:
D:1:      dpeg_arrival_simpleton_b, layout_loops_ring, eino_curves_03
D:2:      layout_basic, basic_altar, st_stairs_8,
          chequers_serial_rivers_large_a, minmay_tetromino_t2, uniq_robin,
          uniq_sigmund
D:3:      layout_loops_ring, mainiacjoe_overflow_surrounded_room,
          mainiacjoe_overflow_brackets, serial_bayou_crossing
D:4:      layout_basic, chequers_temple_overflow_minitemple,
          grunt_temple_overflow_open, kennysheep_small_spiral,
          nicolae_figureground_sparkle, uniq_pikel, uniq_natasha, uniq_menkaure
D:7:      layout_loops_cross, minmay_temple_entry_tees
Temple:   hellmonk_temple_of_storms

Skill      XL: |  1  2  3  4  5  6 |
---------------+-------------------+-----
Stealth        | 3 |  3.0
Summonings     | 6 8 |  8.4
Spellcasting   | 5 6 |  6.7
Dodging        | |  2.9

Action                   |  1- 3 |  4- 6 |  7- 9 || total
-------------------------+-------+-------+-------++-------
Melee: Unarmed           |    51 |     9 |       ||    60
 Cast: Summon Small Mamm |    52 |    31 |     9 ||    92
       Call Canine Famil |     4 |    15 |     5 ||    24
       Call Imp          |     1 |     8 |     3 ||    12
       Summon Lightning  |       |       |     1 ||     1
  Use: Potion            |     1 |       |     1 ||     2
Armor: Robe              |    18 |     2 |     4 ||    24
Dodge: Dodged            |    83 |    19 |    10 ||   112
